 Dungeon Crawl Stone Soup version 0.22.1-1-ga44c0e5 (webtiles) character file.

83 robertstho the Magician (level 4, 0/24 HPs)
             Began as a Deep Elf Wizard on Oct 2, 2018.
             Killed from afar by an orc wizard (10 damage)
             ... with a magic dart
             ... on level 3 of the Dungeon.
             The game lasted 00:04:55 (1090 turns).

robertstho the Magician (Deep Elf Wizard)           Turns: 1090, Time: 00:04:55

Health: 0/24       AC:  2    Str:  4    XL:     4   Next: 22%
Magic:  9/13       EV: 14    Int: 24    God:
Gold:   116        SH:  0    Dex: 16    Spells: 3/14 levels left

rFire    . . .     SeeInvis .   f - +2 short sword (venom)
rCold    . . .     Gourm    .   (no shield)
rNeg     . . .     Faith    .   a - +0 robe
rPois    .         Spirit   .   b - +0 hat
rElec    .         Reflect  .   (no cloak)
rCorr    .         Harm     .   (no gloves)
MR       .....     Rnd*Tele +   (no boots)
Stlth    ++........             (no amulet)
HPRegen  0.08/turn              h - ring of teleportation (curse)
MPRegen  0.13/turn              j - +3 ring of dexterity

@: no status effects
A: no striking features
a: no special abilities


You were on level 3 of the Dungeon.
You were not hungry.

You visited 1 branch of the dungeon, and saw 3 of its levels.

You collected 116 gold pieces.

Inventory:

Hand Weapons
 f - a +2 short sword of venom (weapon)
Armour
 a - a +0 robe (worn)
 b - a +0 hat (worn)
Jewellery
 h - a cursed ring of teleportation (left hand)
 j - a +3 ring of dexterity (right hand)
 n - an uncursed ring of poison resistance {unknown}
Scrolls
 e - a scroll of noise {unknown}
 g - 3 scrolls of identify {unknown}
 m - a scroll of amnesia {unknown}
Potions
 i - 2 potions of ambrosia {unknown}
 k - 2 potions of haste {unknown}
 l - a potion of flight {unknown}
 o - 2 potions of curing {unknown}
 p - a potion of resistance {unknown}
Comestibles
 c - 4 chunks of flesh
 d - 6 rations


   Skills:
 + Level 0.4 Fighting
 + Level 1.0 Short Blades
 * Level 3.2 Dodging
 + Level 3.1 Stealth
 + Level 5.6 Spellcasting
 + Level 1.5 Conjurations
 + Level 1.1 Summonings
 + Level 1.1 Translocations


You had 3 spell levels left.
You knew the following spells:

 Your Spells              Type           Power        Failure   Level  Hunger
a - Magic Dart            Conj           ##..         4%          1    None
b - Blink                 Tloc           N/A          8%          2    None
c - Call Imp              Summ           ##......     8%          2    None
d - Conjure Flame         Conj/Fire      ##......     19%         3    #......
e - Mephitic Cloud        Conj/Pois/Air  #.......     21%         3    #......

Your spell library contained the following spells:

 Spells                   Type           Power        Failure   Level  Hunger
 Slow                     Hex            #.......     13%         2    None


Dungeon Overview and Level Annotations

Branches:
Dungeon (3/15)

Altars:


Message History

You finish memorising.
Spell assigned to 'e'.
Some of the chunks of flesh in your inventory have rotted away.
You now have 116 gold pieces (gained 13).
You are suddenly yanked towards some nearby monsters!
Your surroundings suddenly seem different.
Found 22 stones and 21 arrows. 2 orcs, an orc priest and an orc wizard come into view.
Casting: Magic Dart (safe; 4% risk of failure)
Confirm with . or Enter, or press ? or * to list all spells.
A beastly little devil appears in a puff of flame.
The orc shouts!
The orc wizard shouts!
Casting: Call Imp (safe; 8% risk of failure)
Confirm with . or Enter, or press ? or * to list all spells.
A beastly little devil appears in a puff of frigid air.
The orc priest invokes the aid of Beogh against you.
Beogh smites you!
Ouch! That really hurt!
The orc wizard gestures at you while chanting.
The magic dart hits you!
You die...

.# .#
+########.#
..........#
.......... .#
.........##..#
.............#
.......@.....#
..(.....5#.....
.....o..5# ###
.o........
...o...(...
......o.....
.........####
..........


You could see an orc priest, an orc wizard, 2 orcs, a friendly crimson imp and a
friendly white imp.

Vanquished Creatures
  2 adders (D:2)
  A dart slug (D:1)
  A leopard gecko (D:2)
  2 giant cockroaches
  7 goblins
  4 kobolds
  A quokka (D:2)
  A ball python (D:2)
  8 bats
  4 frilled lizards
  12 rats
43 creatures vanquished.

Vanquished Creatures (collateral kills)
  Jessica (D:2)
  A hobgoblin (D:2)
  A goblin (D:2)
3 creatures vanquished.

Grand Total: 46 creatures vanquished

Notes
Turn   | Place    | Note
-------+----------+-------------------------------------------
     0 | D:1      | robertstho the Deep Elf Wizard began the quest for the Orb.
     0 | D:1      | Reached XP level 1. HP: 10/10 MP: 7/7
   188 | D:1      | Reached XP level 2. HP: 14/15 MP: 5/9
   252 | D:1      | Reached skill level 5 in Spellcasting
   294 | D:1      | Learned a level 2 spell: Blink
   297 | D:1      | Learned a level 2 spell: Call Imp
   708 | D:2      | Reached XP level 3. HP: 14/19 MP: 7/11
   874 | D:2      | Noticed Jessica
   882 | D:2      | Killed Jessica
   882 | D:2      | Reached skill level 1 in Short Blades
   882 | D:2      | Reached XP level 4. HP: 16/24 MP: 0/13
  1075 | D:3      | Learned a level 3 spell: Conjure Flame
  1079 | D:3      | Learned a level 3 spell: Mephitic Cloud
  1090 | D:3      | Killed from afar by an orc wizard

Skill      XL: |  1  2  3 |
---------------+----------+-----
Spellcasting   | 5 |  5.6
Dodging        | 3 |  3.2
Short Blades   | 1 |  1.0
Stealth        | 3 |  3.1
Fighting       | |  0.4
Conjurations   | |  1.5
Summonings     | |  1.1
Translocations | |  1.1

Action                   |  1- 3 |  4- 6 || total
-------------------------+-------+-------++-------
Melee: Short sword       |    39 |       ||    39
 Cast: Magic Dart        |    42 |    10 ||    52
       Call Imp          |     2 |     3 ||     5
 Stab: Sleeping          |     3 |       ||     3
Armor: Robe              |     5 |       ||     5
Dodge: Dodged            |    27 |     4 ||    31
